 Dungeon Crawl Stone Soup version 0.20.1-1-g8b1a95d (webtiles) character file.

1425 Ymberti the Magician (level 8, -2/39 HPs)
             Began as a Deep Elf Fire Elementalist on Oct 15, 2017.
             Was a Follower of Sif Muna.
             Slain by Duvessa
             ... wielding a +0 short sword
              (3 damage)
             ... on level 6 of the Dungeon.
             The game lasted 00:23:53 (7632 turns).

Ymberti the Magician (Deep Elf Fire Elementalist)   Turns: 7632, Time: 00:23:53

Health: -2/39      AC: 12    Str:  5    XL:     8   Next: 44%
Magic:  0/16       EV: 15    Int: 23    God:    Sif Muna [*.....]
Gold:   450        SH:  4    Dex: 15    Spells: 10/21 levels left

rFire    . . .     SeeInvis +   l - staff of conjuration
rCold    . . .     Gourm    .   (no shield)
rNeg     + . .     Faith    .   F - +4 robe of Elyvilon's Pride {MR+ SInv}
rPois    .         Spirit   .   E - +1 helmet "Utaky" {rN+ MR++ rCorr}
rElec    .         Reflect  .   w - +0 cloak
rCorr    +         Harm     .   C - +0 pair of gloves
MR       +++..                  r - +1 pair of boots
Stlth    +++.......             (no amulet)
Regen    0.2/turn               y - ring of wizardry
MPRegen  0.2/turn               g - ring of wizardry

@: no casting
A: large bone plates 1, frail 1, low mp 2
a: Stop Divine Energy, Renounce Religion


You were on level 6 of the Dungeon.
You worshipped Sif Muna.
Sif Muna was aware of your devotion.
You were not hungry.

You visited 2 branches of the dungeon, and saw 8 of its levels.

You collected 450 gold pieces.

Inventory:

Armour
 r - a +1 pair of boots (worn)
 w - a +0 cloak (worn)
 C - a +0 pair of gloves (worn)
 E - the +1 helmet "Utaky" (worn) {rN+ MR++ rCorr}
   (You found it on level 6 of the Dungeon)

   It protects you from negative energy.
   It affects your resistance to hostile enchantments.
   It protects you from acid and corrosion.
 F - the +4 robe of Elyvilon's Pride (worn) {MR+ SInv}
   (You found it on level 6 of the Dungeon)

   It affects your resistance to hostile enchantments.
   It lets you see invisible.
Magical Staves
 l - an uncursed staff of conjuration (weapon)
Jewellery
 g - a ring of wizardry (right hand)
 u - an uncursed ring of poison resistance
 y - a ring of wizardry (left hand)
Wands
 d - a wand of clouds (0/9)
Scrolls
 e - 2 scrolls of teleportation
 h - a scroll of enchant armour {unknown}
 j - 2 scrolls of enchant weapon
 k - a scroll of amnesia {unknown}
 m - a scroll of blinking
 n - a scroll of fear {unknown}
 s - a scroll of noise {unknown}
 v - 3 scrolls of remove curse
 x - a scroll of random uselessness {unknown}
 A - a scroll of fog {unknown}
Potions
 o - a potion of curing
 p - a potion of resistance
 t - 2 potions of heal wounds {unknown}
 z - a potion of ambrosia {unknown}
 B - a potion of flight {unknown}
 D - a potion of degeneration {unknown}
Books
 b - a book of Flames

   Spells                             Type                      Level
   a - Flame Tongue                   Conjuration/Fire             1
   b - Throw Flame                    Conjuration/Fire             2
   c - Conjure Flame                  Conjuration/Fire             3
   d - Inner Flame                    Hexes/Fire                   3
   e - Sticky Flame                   Conjuration/Fire             4
   f - Fireball                       Conjuration/Fire             5
Comestibles
 c - 3 bread rations
 f - 2 royal jellies
 i - 3 meat rations
 q - 8 fruits


   Skills:
 + Level 2.0 Fighting
   Level 1.1 Short Blades
 + Level 1.8 Staves
 + Level 5.4 Dodging
 + Level 5.0 Stealth
 + Level 7.0 Spellcasting
 + Level 4.8 Conjurations
 + Level 6.0 Fire Magic
 + Level 0.4 Evocations


You had 10 spell levels left.
You knew the following spells:

 Your Spells              Type           Power        Failure   Level  Hunger
a - Flame Tongue          Conj/Fire      #####        1%          1    None
b - Throw Flame           Conj/Fire      #####.       1%          2    None
c - Conjure Flame         Conj/Fire      #####...     1%          3    None
d - Fireball              Conj/Fire      #####.....   6%          5    #####..


Dungeon Overview and Level Annotations

Branches:
Dungeon (7/15)             Temple (1/1) D:4

Altars:
Ashenzari
Cheibriados
Dithmenos
Elyvilon
Fedhas
Gozag
Hepliaklqana
Kikubaaqudgha
Makhleb
Okawaru
Ru
Sif Muna
Uskayaw
Vehumet
Xom
Yredelemnul
Zin

Shops:
D:4 %

Annotations:
D:6 Duvessa


Innate Abilities, Weirdness & Mutations

You are partially covered in large bone plates. (SH +4)
You are frail. (-10% HP)
Your magical capacity is very low. (-20% MP)


Message History

Okay, then.
Casting: Flame Tongue
Confirm with . or Enter, or press ? or * to list all spells.
Aiming: Fireball
Press: ? - help, Shift-Dir - straight line, f - Duvessa
Aim: Duvessa, wielding a short sword and wearing a leather armour (severely wounded, berserk, fast, unusually strong)
Okay, then.
Duvessa hits you with a short sword!!
* * * LOW HITPOINT WARNING * * *
You climb upwards.
There is a stone staircase leading down here.
Casting: Fireball
Confirm with . or Enter, or press ? or * to list all spells.
Aiming: Fireball
Press: ? - help, Shift-Dir - straight line You feel a surge of power!
The fireball explodes!
The fireball engulfs Duvessa.
Duvessa is almost dead.
Sif Muna grants you divine energy.
You briefly lose access to your magic!
Duvessa hits you with a short sword.
You die...

#......# #.#.......###.....
#......# #.#...#.#.........
######'### #.#...#.#.........
#...)....# #.#...'...........
#........# #.#...#.##........
#........####.#.###.##...#####
#.............................
#....................#########
#...........e@................
#............##...##(###.#..#.
###...###....####.##.# #.##.#.
#...# ###+## #.##.# #.##...
#...#####.#####.##.###.##...
#................(..........
#...############............
#.....# ###≈≈≈#####.##.#.#.
#.....# ##≈≈≈≈≈≈≈###........


You could see Duvessa (berserk).

Vanquished Creatures
  A water moccasin (D:5)
  2 orc warriors (D:6)
  A centaur (D:6)
  2 bullfrogs (D:6)
  Dowan (D:6)
  2 scorpions (D:4)
  3 crimson imps
  A human zombie (D:3)
  An orc priest (D:6)
  3 hounds
  A jelly (D:5)
  5 orc wizards
  Ijyb (D:3)
  6 worker ants
  A killer bee zombie (D:6)
  A worker ant zombie (D:6)
  6 adders
  2 oozes
  3 worms
  2 dart slugs (D:1)
  5 leopard geckos
  11 orcs
  6 bats
  6 giant cockroaches
  5 goblins
  9 hobgoblins
  5 quokkas
  A ball python (D:2)
  A ball python skeleton (D:6)
  5 frilled lizards
  A jackal skeleton (D:3)
  4 kobolds
  A quokka skeleton (D:5)
  10 rats
115 creatures vanquished.

Notes
Turn   | Place    | Note
-------+----------+-------------------------------------------
     0 | D:1      | Ymberti the Deep Elf Fire Elementalist began the quest for the Orb.
     0 | D:1      | Reached XP level 1. HP: 10/10 MP: 6/6
   116 | D:1      | Reached XP level 2. HP: 15/15 MP: 5/8
   633 | D:1      | Reached XP level 3. HP: 8/19 MP: 10/10
   860 | D:2      | Found a faded altar of an unknown god.
  1749 | D:2      | Reached XP level 4. HP: 24/24 MP: 6/11
  1896 | D:3      | Found a hide-covered altar of Uskayaw.
  1897 | D:3      | Found a snail-covered altar of Cheibriados.
  1976 | D:3      | Found a shattered altar of Ashenzari.
  1978 | D:3      | Noticed Ijyb
  2007 | D:3      | Killed Ijyb
  2007 | D:3      | Reached skill level 4 in Spellcasting
  2076 | D:3      | Found a radiant altar of Vehumet.
  2076 | D:3      | Found a burning altar of Makhleb.
  2095 | D:3      | Reached XP level 5. HP: 16/28 MP: 11/13
  2222 | D:3      | Found a runed door.
  2222 | D:3      | Noticed a human
  2238 | D:3      | Found a basalt altar of Yredelemnul.
  3274 | D:4      | Learned a level 2 spell: Throw Flame
  3278 | D:4      | Learned a level 3 spell: Conjure Flame
  3291 | D:4      | Reached XP level 6. HP: 24/33 MP: 12/14
  3312 | D:4      | Learned a level 5 spell: Fireball
  3363 | D:4      | Reached skill level 1 in Short Blades
  3374 | D:5      | Entered Level 5 of the Dungeon
  3509 | D:4      | Reached skill level 5 in Spellcasting
  3768 | D:4      | Reached skill level 1 in Fighting
  3771 | D:4      | Found Wuydaqosk's Food Shoppe.
  3938 | D:4      | Found a staircase to the Ecumenical Temple.
  4041 | Temple   | Entered the Ecumenical Temple
  4149 | Temple   | Became a worshipper of Sif Muna the Loreminder
  4380 | D:5      | Reached XP level 7. HP: 38/38 MP: 13/16
  4395 | D:5      | Found an opulent altar of Gozag.
  4440 | D:5      | Reached skill level 5 in Fire Magic
  5189 | D:5      | Found a shimmering altar of Xom.
  5206 | D:5      | Gained mutation: Your magical capacity is low. (-10% MP) [potion of mutation]
  5206 | D:5      | Gained mutation: Your magical capacity is very low. (-20% MP) [potion of mutation]
  5206 | D:5      | Gained mutation: You are frail. (-10% HP) [potion of mutation]
  5206 | D:5      | Gained mutation: You are partially covered in large bone plates. (SH +4) [potion of mutation]
  5879 | D:6      | Noticed Dowan
  5969 | D:6      | Reached skill level 6 in Spellcasting
  6137 | D:6      | Reached skill level 1 in Staves
  6137 | D:6      | Reached skill level 5 in Dodging
  6137 | D:6      | Reached XP level 8. HP: 22/39 MP: 5/16
  6461 | D:6      | Noticed Duvessa
  6687 | D:6      | Got a distressingly furry helmet
  6693 | D:6      | Identified the +1 helmet "Utaky" {rN+ MR++ rCorr} (You found it on level 6 of the Dungeon)
  6741 | D:6      | Reached * piety under Sif Muna
  6977 | D:6      | Got a twisted robe
  6988 | D:6      | Identified the +4 robe of Elyvilon's Pride {MR+ SInv} (You found it on level 6 of the Dungeon)
  7039 | D:6      | Found a deep blue altar of Sif Muna.
  7106 | D:6      | Killed Dowan
  7106 | D:6      | Reached skill level 5 in Stealth
  7106 | D:6      | Reached skill level 7 in Spellcasting
  7630 | D:7      | HP: 1/39 [Duvessa/short sword (19)]
  7632 | D:6      | Slain by Duvessa

Skill      XL: |  1  2  3  4  5  6  7  8 |
---------------+-------------------------+-----
Fire Magic     | 4 5 6 |  6.0
Stealth        | 3 4 5 |  5.0
Spellcasting   | 4 5 6 7 |  7.0
Conjurations   | 2 3 4 |  4.8
Dodging        | 3 4 5 |  5.4
Short Blades   | 1 |  1.1
Fighting       | 1 2 |  2.0
Staves         | 1 |  1.8
Evocations     | |  0.4

Action                   |  1- 3 |  4- 6 |  7- 9 || total
-------------------------+-------+-------+-------++-------
Melee: Dagger            |    69 |    87 |    23 ||   179
       Staff             |       |       |   136 ||   136
 Cast: Flame Tongue      |    46 |    80 |    63 ||   189
       Throw Flame       |       |     3 |    23 ||    26
       Fireball          |       |     1 |    11 ||    12
Invok: Divine Energy     |       |       |     1 ||     1
Evoke: Wand              |       |     5 |     3 ||     8
  Use: Potion            |       |     7 |     1 ||     8
       Scroll            |       |     4 |     3 ||     7
 Stab: Sleeping          |    13 |     4 |     1 ||    18
       Distracted        |     1 |     1 |       ||     2
  Eat: Bread ration      |     1 |     1 |     2 ||     4
       Royal jelly       |     1 |     1 |     1 ||     3
       Chunk             |     1 |       |       ||     1
       Fruit             |       |       |     2 ||     2
Armor: Robe              |    27 |    17 |    41 ||    85
Dodge: Dodged            |    55 |    74 |   133 ||   262
Block: Other             |       |       |    24 ||    24
